Selects Panzerjäger Kommand Battlegroup
Selects Blockade Equipment
Construct Light Support Kompanie
Construct Light Support Kompanie
Construct Mechanized Kompanie
Panzerjäger Mechanized Group
Selects Defensive Positions
Construct Panzerarmee Kommand
Walking Stuka Rocket Launcher
Selects Butterfly Bomb Drop
Selects Crew Shock Tactics
Selects Anti-tank Overwatch
Walking Stuka Rocket Launcher
Walking Stuka Rocket Launcher